AoeStats
← 唐伯虎点蚊香

Pilgrims

508344443Analyzed
4v4 RM · 9d ago on Sep 22, 2026· 80m 34s· 8 players
Game mode
Random Map
Map size
Large (8 player)
Population
200
Speed
Normal
Resources
Standard
Victory
Conquest
Starting age
Dark Age
Ending age
Imperial Age
RankedLock teamsTeams togetherTeam positionsShared explorationLock speedFull tech treeHidden civsTurbo modeCheats
Victory
Defeat
🇨🇱 Muisca · Chile
756
+13
🇩🇰 Japanese · Denmark
646
+17
🇦🇷 Lithuanians · Argentina
644
+17
🇦🇷 Burgundians · Argentina
413
+26
🇺🇸 Byzantines · United States
739
-21
🇨🇴 Portuguese · Colombia
733
-21
🇨🇳 Italians · China
666
-18
🇪🇸 Spanish · Spain
546
-13
Lucasavend
4:42 Loom
17:47 Feudal Age
19:51 Wheelbarrow
19:02 Town Watch
19:00 Horse Collar
19:09 Double-Bit Axe
20:07 Fishing Lines
21:05 Bloodlines
24:28 Castle Age
24:17 Gold Mining
24:17 Stone Mining
25:08 Forging
25:04 Scale Barding Armor
25:45 Hand Cart
25:34 Heavy Plow
26:32 Bow Saw
27:12 Fervor
28:11 Gillnets
29:02 Stone Shaft Mining
29:25 Town Patrol
30:18 Hill Forts
32:27 Husbandry
32:38 Bloodlines
33:54 Fletching
34:43 Iron Casting
34:29 Chain Barding Armor
39:21 Bodkin Arrow
40:29 Ballistics
40:06 Murder Holes
40:24 Fortified Wall
40:28 Masonry
39:59 Treadmill Crane
41:50 Thumb Ring
46:06 Imperial Age
48:49 Bracer
49:27 Plate Barding Armor
50:41 Chemistry
50:14 Architecture
51:57 Conscription
52:13 Hoardings
52:39 Heavy Cavalry Archer
54:45 Light Cavalry
63:00 Crop Rotation
76:06 Cavalier
Carrizuwu
10:46 Feudal Age
12:58 Loom
20:04 Champi Runner
22:41 Fletching
24:49 Fishing Lines
28:17 Padded Archer Armor
32:43 Castle Age
31:20 Forging
31:11 Scale Mail Armor
ezequielb89
3:54 Double-Bit Axe
7:40 Fishing Lines
9:55 Wheelbarrow
9:48 Loom
15:19 Feudal Age
16:11 Bow Saw
15:56 Gillnets
16:26 Hand Cart
15:57 Town Watch
17:49 Man-at-Arms
19:51 Arson
25:10 Horse Collar
27:01 Scale Mail Armor
27:14 Forging
26:54 Fletching
27:08 Padded Archer Armor
31:05 Heavy Plow
41:52 Castle Age
42:54 Squires
42:15 Pikeman
42:15 Long Swordsman
53:23 Town Patrol
BlacKHazE.
9:22 Loom
11:49 Feudal Age
11:57 Man-at-Arms
12:23 Arson
17:58 Double-Bit Axe
21:50 Stone Mining
22:22 Fishing Lines
25:29 Castle Age
27:10 Wheelbarrow
27:23 Horse Collar
32:03 Gambesons
32:21 Squires
33:57 Gold Mining
35:17 Long Swordsman
35:59 Scale Mail Armor
41:11 Imperial Age
40:02 Murder Holes
40:03 Fletching
40:32 Bow Saw
43:14 Forging
43:03 Bodkin Arrow
48:12 Ballistics
48:53 Chemistry
49:25 Elite Samurai
53:26 Chain Mail Armor
53:11 Bracer
54:23 Heavy Plow
54:41 Hand Cart
56:07 Gillnets
57:38 Siege Engineers
58:42 Two-Man Saw
58:38 Kataparuto
58:40 Conscription
58:56 Hoardings
58:34 Forging
62:38 Plate Mail Armor
62:44 Iron Casting
74:16 Gold Shaft Mining
74:43 Blast Furnace
73:55 Caravan
74:45 Careening
74:48 Clinker Construction
75:34 Fervor
78:14 Medium Warships
79:47 Heavy Warships
alexgolan
16:05 Feudal Age
16:29 Man-at-Arms
35:02 Wheelbarrow
37:25 Fletching
38:07 Double-Bit Axe
38:06 Horse Collar
43:23 Castle Age
43:29 Pikeman
44:11 Squires
44:56 Bow Saw
44:29 Horse Collar
45:26 Stone Mining
45:58 Scale Mail Armor
46:09 Forging
47:14 Long Swordsman
73:54 Treadmill Crane
Fulgur
14:59 Feudal Age
13:54 Loom
15:56 Town Watch
17:49 Fletching
20:51 Wheelbarrow
22:53 Castle Age
24:47 Crossbowman
29:16 Bodkin Arrow
29:22 Padded Archer Armor
33:33 Bloodlines
33:25 Husbandry
37:53 Forging
37:49 Scale Barding Armor
38:00 Leather Archer Armor
39:23 Elite Skirmisher
41:05 Ballistics
42:08 Iron Casting
51:58 Thumb Ring
52:08 Horse Collar
53:38 Pikeman
56:01 Scale Mail Armor
56:22 Chain Barding Armor
65:53 Light Cavalry
68:36 Town Patrol
68:52 Hand Cart
76:15 Imperial Age
no_1_KOUROS
5:16 Loom
10:49 Loom
16:01 Feudal Age
16:45 Horse Collar
17:49 Wheelbarrow
17:43 Double-Bit Axe
19:26 Fletching
20:17 Stone Mining
20:21 Gold Mining
21:58 Forging
21:55 Town Watch
22:19 Scale Barding Armor
22:15 Padded Archer Armor
26:32 Castle Age
25:46 Bloodlines
27:20 Husbandry
27:57 Stone Shaft Mining
27:24 Heavy Plow
27:54 Bow Saw
27:10 Light Cavalry
28:32 Iron Casting
28:18 Chain Barding Armor
31:50 Bodkin Arrow
32:11 Leather Archer Armor
32:14 Fishing Lines
34:28 Ballistics
33:59 Guard Tower
35:09 Murder Holes
39:50 Hand Cart
39:53 Leather Archer Armor
51:29 Imperial Age
53:04 Conscription
54:59 Cavalier
56:43 Blast Furnace
55:45 Bracer
唐伯虎点蚊香
13:03 Feudal Age
17:07 Fishing Lines
26:09 Castle Age
27:00 Light Cavalry
28:10 Stone Mining
29:40 Bloodlines
29:30 Husbandry
29:35 Squires
34:52 Gold Mining
34:33 Pikeman
35:55 Loom
42:01 Scale Barding Armor
43:28 Double-Bit Axe
50:20 Imperial Age
51:05 Hussar
61:17 Gillnets
66:01 Wheelbarrow
64:55 Elite Genoese Crossbowman
65:57 Conscription
67:04 Medium Warships
68:39 Fletching
68:49 Padded Archer Armor
74:22 Bodkin Arrow
74:42 Leather Archer Armor
75:10 Bow Saw
78:07 Horse Collar
78:58 Bracer
79:28 Ring Archer Armor
80:02 Chemistry
79:23 Ballistics
Connection lost

Rejoining the realm…

Still unreachable

The connection could not be restored.

Session expired

The server has moved on; the page needs a fresh start.